 Dungeon Crawl Stone Soup version 0.25.1-8-g42b30a86e7 (webtiles) character file.

Game seed: 2987416180318279800

156 Clowwww the Shield-Bearer (level 5, -9/41 HPs)
             Began as a Demonspawn Fighter on Dec 12, 2020.
             Killed by divine providence
             ... invoked by an orc priest
              (16 damage)
             ... on level 3 of the Dungeon.
             The game lasted 00:06:35 (2457 turns).

Clowwww the Shield-Bearer (Demonspawn Fighter)      Turns: 2457, Time: 00:06:36

Health: -9/41      AC:  6    Str: 17    XL:     5   Next: 14%
Magic:  5/5        EV:  7    Int: 10    God:
Gold:   130        SH:  9    Dex: 14    Spells: 4/4 levels left

rFire    . . .     SeeInvis +   a - +0 war axe
rCold    + . .     Gourm    .   c - +0 kite shield
rNeg     . . .     Faith    .   b - +0 scale mail
rPois    +         Spirit   .   (no helmet)
rElec    .         Reflect  .   (no cloak)
rCorr    .         Harm     .   (no gloves)
MR       .....                  (no boots)
Stlth    +.........             (no amulet)
HPRegen  0.13/turn              k - ring of poison resistance
MPRegen  0.09/turn              l - ring of see invisible

@: no status effects
A: thin skeletal structure 1, cold resistance 1
a: no special abilities


You were on level 3 of the Dungeon.
You were not hungry.

You visited 1 branch of the dungeon, and saw 3 of its levels.

You collected 130 gold pieces.

Inventory:

Hand Weapons
 a - a +0 war axe (weapon)
Missiles
 j - a javelin (quivered)
Armour
 b - a +0 scale mail (worn)
 c - a +0 kite shield (worn)
Jewellery
 k - a ring of poison resistance (left hand)
 l - a ring of see invisible (right hand)
 q - an uncursed amulet of reflection
Wands
 o - a wand of acid (9)
Scrolls
 e - a scroll of enchant armour {unknown}
 h - a scroll of random uselessness {unknown}
 i - 2 scrolls of identify {unknown}
 p - a scroll of immolation {unknown}
 s - a scroll of magic mapping {unknown}
Potions
 d - a potion of might
 g - 2 potions of haste {unknown}
 m - a potion of resistance {unknown}
 r - a potion of stabbing {unknown}
Comestibles
 f - 5 rations
 n - 9 chunks of flesh


   Skills:
 + Level 3.5 Fighting
 + Level 2.9 Axes
 + Level 0.9 Throwing
 + Level 3.3 Armour
 + Level 0.4 Dodging
 + Level 3.6 Shields


You had 4 spell levels left.
You didn't know any spells.
Your spell library was empty.

Dungeon Overview and Level Annotations

Branches:
Dungeon (3/15)

Altars:
Ru


Innate Abilities, Weirdness & Mutations

You have a somewhat thin skeletal structure. (Dex +2, Stealth)
Your flesh is cold resistant. (rC+)


Message History

The orc hits you but does no damage.
Throwing (i - inventory)
j - 3 javelins (quivered)
Press: ? - help, Shift-Dir - straight line, f/p - orc priest
Aim: an orc priest, wielding a +0 falchion and wearing a +0 chain mail (almost dead)
You throw a javelin. The javelin pierces through the orc.
You kill the orc!
The javelin pierces through the orc priest but does no damage.
The orc priest is almost dead.
Throwing (i - inventory)
j - 2 javelins (quivered)
Press: ? - help, Shift-Dir - straight line, f/p - orc priest
Aim: an orc priest, wielding a +0 falchion and wearing a +0 chain mail (almost dead)
You throw a javelin.
The javelin closely misses the orc priest.
The javelin pierces through the orc.
You kill the orc!
The javelin pierces through the orc.
The orc is almost dead.
The orc priest invokes the aid of Beogh against you.
Beogh smites you!
You die...

#
..####################
....(.o..)o@.........#
...((....÷##########.#
o...(.....# ####÷#
....(.....# #....#
..........# #.####
##........# #.#
#........# #.#
..........# #.#
..........# #.#


You could see an orc priest and an orc.

Vanquished Creatures
  Terence (D:2)
  4 adders
  An ooze (D:2)
  4 worms (D:2)
  4 dart slugs
  2 orcs (D:3)
  2 ball pythons
  4 giant cockroaches
  10 goblins
  10 hobgoblins
  2 bats
  6 frilled lizards
  12 kobolds
  7 rats
69 creatures vanquished.

Notes
Turn   | Place    | Note
-------+----------+-------------------------------------------
     0 | D:1      | Clowwww the Demonspawn Fighter began the quest for the Orb.
     0 | D:1      | Reached XP level 1. HP: 18/18 MP: 1/1
   176 | D:1      | Gained mutation: Your flesh is cold resistant. (rC+)
                  | [demonic ancestry]
   176 | D:1      | Reached XP level 2. HP: 21/24 MP: 2/2
   510 | D:1      | Reached XP level 3. HP: 27/29 MP: 3/3
  1124 | D:2      | You fall into a shaft and drop 1 floor!
  1228 | D:3      | Reached XP level 4. HP: 34/35 MP: 4/4
  1346 | D:2      | Noticed Terence
  1363 | D:2      | Killed Terence
  2332 | D:3      | Gained mutation: You have a somewhat thin skeletal
                  | structure. (Dex +2, Stealth) [demonic ancestry]
  2332 | D:3      | Reached XP level 5. HP: 41/41 MP: 5/5
  2353 | D:3      | Found a sacrificial altar of Ru.
  2457 | D:3      | Killed from afar by an orc priest

Illustrated notes

Levels and vault maps discovered:
D:1:      beargit_arrival_greenhouse, layout_loops_cross, serial_bayou_ford_a
D:2:      layout_basic, uniq_terence
D:3:      layout_basic, lemuel_crystal_altar

Skill      XL: |  1  2  3 |
---------------+----------+-----
Axes           | 2 |  2.9
Shields        | 3 |  3.6
Armour         | 3 |  3.3
Fighting       | |  3.5
Throwing       | |  0.9
Dodging        | |  0.4

Action                   |  1- 3 |  4- 6 || total
-------------------------+-------+-------++-------
Melee: War axe           |   106 |    81 ||   187
Throw: Javelin           |    11 |    26 ||    37
  Eat: Chunk             |     1 |     4 ||     5
Armor: Scale mail        |    34 |    31 ||    65
Dodge: Dodged            |    34 |    16 ||    50
Block: Kite shield       |    62 |    40 ||   102
